 Dungeon Crawl Stone Soup version 0.32-a0-132-g2d33c3cfaf (webtiles) character file.

Game seed: 7587588422467292471

4 Bravepunisher the Ducker (level 1, 0/11 HPs)
             Began as a Spriggan Monk on Feb 9, 2024.
             Slain by an adder (4 damage)
             ... on level 5 of the Dungeon.
             The game lasted 00:02:25 (400 turns).

Bravepunisher the Ducker (Spriggan Monk)             Turns: 400, Time: 00:02:25

Health: 0/11       AC:  2    Str:  7    XL:     1   Next: 50%
Magic:  2/2        EV: 19    Int: 11    God:
Gold:   16         SH:  0    Dex: 17    Spells: 0/0 levels left

rFire   . . .        a - +0 short sword
rCold   . . .        (no shield)
rNeg    . . .        b - +0 robe
rPois   .            (helmet restricted)
rElec   .            (no cloak)
rCorr   .            (gloves unavailable)
SInv    +            (boots unavailable)
Will    .....        (no amulet)
Stlth   +            (no ring)
HPRegen 0.21/turn    (no ring)
MPRegen 0.08/turn

%: no passive effects
@: silenced, very quick
A: very small, no large weapons, unfitting armour, see invisible, speed 3
a: no special abilities


You were on level 5 of the Dungeon.
You visited 1 branch of the dungeon, and saw 6 of its levels.

You collected 16 gold pieces.

Inventory:

Hand Weapons
 a - a +0 short sword (weapon)
Armour
 b - a +0 robe (worn)


   Skills:
 + Level 2.5 Fighting
 - Level 3.2 Short Blades
 * Level 4.3 Dodging


You couldn't memorise any spells.
You didn't know any spells.
Your spell library was empty.

Dungeon Overview and Level Annotations

Branches:
Dungeon (6/15)
 Temple: D:4-7

Altars:

Annotations:
D:3 Grinder


Innate Abilities, Weirdness & Mutations

You are very small and have problems with some larger weapons.
You are too small for most types of armour.
You have supernaturally acute eyesight. (SInv)
You cover ground extremely quickly. (Speed+++)


Message History

Found 10 gold pieces.
Found a stone staircase leading down.
There is a stone staircase leading up here.
There is a stone staircase leading down here.
You climb downwards.
The centaur shouts!
There is a stone staircase leading up here.
The centaur wields a +0 orcbow.
The centaur shoots an arrow.
The arrow hits you!
Ouch! That really hurt!
* * * LOW HITPOINT WARNING * * *
You climb upwards.
The adder hisses angrily.
There is a stone staircase leading down here.
You see here 10 gold pieces.
You open the large door.
A bullfrog comes into view.
Found a scorched robe.
There is a large open door here.
There's a thick-headed creature in the doorway!
As you close the large door, it creaks loudly!
You hear a loud, deep croak!
You hear an angry hiss.
Sorry, you're not good enough to have a special ability.
You are confused.
You feel invigorated. The bullfrog barely misses you.
You closely miss the bullfrog. The bullfrog misses you.
You bump into the large closed door.
The bullfrog misses you.
An adder comes into view.
The bullfrog closely misses you. The bullfrog closely misses you.
You bump into the large closed door.
You feel less invigorated.
You feel less confused. The bullfrog hits you.
You aren't carrying any potions.
As you read the scroll labelled TETTAU GUKKUC, it crumbles to dust.
A profound silence engulfs you.
It was a scroll of silence.
The adder barely misses you. The bullfrog hits you. The adder misses you.
The bullfrog hits you but does no damage.
Unknown command.
The adder bites you.
You die...

#.#.####.....+
#.#.....<....#
##.######.....#
#...S..S......#
#########.....###.#
#..........
##++##.##.
##≈.S≈### #≈≈@F≈≈#
#≈≈#.##≈≈# #≈..#.
.≈# #≈[# #..≈# #≈≈
#≈≈# ## ≈## #


You could see a bullfrog and an adder.

Vanquished Creatures
  2 bats (D:3)
  An endoplasm (D:1)
  A kobold (D:3)
4 creatures vanquished.

Notes
Turn   | Place    | Note
-------+----------+-------------------------------------------
     0 | D:1      | Bravepunisher the Spriggan Monk began the quest for the
                  | Orb.
     0 | D:1      | Reached XP level 1. HP: 11/11 MP: 2/2
    70 | D:3      | Noticed Grinder
    70 | D:3      | Paralysed by Grinder for 3 turns
   191 | D:3      | Noticed a black bear
   258 | D:4      | Noticed an iguana
   301 | D:4      | Noticed a howler monkey
   357 | D:5      | Entered Level 5 of the Dungeon
   362 | D:6      | Noticed a centaur
   390 | D:5      | Noticed a bullfrog
   400 | D:5      | Slain by an adder

Illustrated notes

Levels and vault maps discovered:
D:1:      dpeg_arrival_oval, layout_loops_ring, kennysheep_decorative_pillar,
          minmay_pentomino_q4
D:2:      layout_loops_ring, basic_altar
D:3:      layout_loops_ring, uniq_grinder
D:4:      layout_basic, chequers_serial_rivers_small_b,
          kennysheep_generic_room_2, uniq_robin
D:5:      layout_basic, grunt_temple_overflow_open, minmay_temple_entry_glass,
          kennysheep_generic_room_3
D:6:      layout_gridville, kennysheep_minor_cross

Action                     || total
---------------------------++-------
  Melee: Short sword       ||    13
    Use: Scroll            ||     1
         Potion            ||     1
 Armour: Robe              ||    15
  Dodge: Dodged            ||    64

Table legend: (Time is in decaauts)
 A = Elapsed time spent in this place.
 B = Non-inter-level travel time spent in this place.
 C = Inter-level travel time spent in this place.
 D = Time resting spent in this place.
 E = Time spent auto-exploring this place.
 F = Levels seen in this place.
 G = Mean time per level.
                   A        B        C        D        E       F      G
               +--------+--------+--------+--------+--------+-----+--------+
         Total |    256 |    256 |      0 |      0 |     24 |   6 |   42.7 |
       Dungeon |    256 |    256 |      0 |      0 |     24 |   6 |   42.7 |
               +--------+--------+--------+--------+--------+-----+--------+

Top non-repeatable levels by time:
     D:3: 118 daAuts
     D:4: 62 daAuts
     D:1: 40 daAuts
     D:5: 28 daAuts
     D:2: 4 daAuts
     D:6: 1 daAuts
